AoeStats
← CORP_vash774

Four Lakes

509976019Analyzed
1v1 RM · 4d ago on Sep 28, 2026· 48m 8s· 2 players
Game mode
Random Map
Map size
Tiny (2 player)
Population
200
Speed
Normal
Resources
Standard
Victory
Conquest
Starting age
Dark Age
Ending age
Imperial Age
RankedLock teamsTeams togetherTeam positionsShared explorationLock speedFull tech treeHidden civsTurbo modeCheats
Victory
Defeat
🇦🇷 Varangians · Argentina
1048
+17
🇦🇷 Japanese · Argentina
1080
-17
CORP_vash774
1:24 Loom
13:45 Feudal Age
14:21 Double-Bit Axe
14:47 Town Watch
20:14 Castle Age
19:05 Arson
20:46 Fishing Lines
21:21 Squires
21:26 Scale Mail Armor
21:32 Scale Barding Armor
21:39 Bloodlines
21:30 Husbandry
20:51 Light Cavalry
21:47 Bow Saw
25:00 Forging
25:05 Chain Mail Armor
28:36 Fletching
31:17 Chain Barding Armor
31:33 Iron Casting
36:30 Ballistics
38:45 Chain Mail Armor
43:02 Imperial Age
40:45 Careening
40:35 Murder Holes
42:10 Bodkin Arrow
44:22 Conscription
44:10 Gillnets
44:22 Vendel Legacy
44:58 Cavalier
46:42 Blast Furnace
Wolf
8:29 Loom
10:31 Feudal Age
11:18 Double-Bit Axe
14:30 Scale Barding Armor
15:31 Forging
18:05 Bloodlines
20:00 Castle Age
18:39 Scale Mail Armor
18:04 Man-at-Arms
20:10 Long Swordsman
20:36 Gambesons
21:09 Chain Mail Armor
21:07 Bow Saw
21:18 Squires
22:18 Arson
22:31 Horse Collar
28:33 Iron Casting
28:15 Gold Mining
29:15 Husbandry
29:30 Bloodlines
30:02 Gold Shaft Mining
29:48 Chain Barding Armor
31:14 Fletching
32:43 Bodkin Arrow
37:26 Wheelbarrow
43:42 Imperial Age
44:55 Conscription
43:58 Elite Samurai
46:18 Plate Mail Armor
46:49 Blast Furnace
46:51 Kataparuto
47:05 Hand Cart
47:00 Heavy Plow
48:24 Chemistry
Connection lost

Rejoining the realm…

Still unreachable

The connection could not be restored.

Session expired

The server has moved on; the page needs a fresh start.